 Dungeon Crawl Stone Soup version 0.22-a0-161-g198051c (webtiles) character file.

28 sunny1234 the Ruffian (level 3, -1/31 HPs)
             Began as a Naga Transmuter on Feb 11, 2018.
             Slain by a leopard gecko (5 damage)
             ... on level 2 of the Dungeon.
             The game lasted 00:01:51 (968 turns).

sunny1234 the Ruffian (Naga Transmuter)              Turns: 968, Time: 00:01:52

Health: -1/31      AC:  2    Str: 13    XL:     3   Next: 12%
Magic:  6/6        EV: 10    Int: 13    God:
Gold:   88         SH:  0    Dex: 11    Spells: 5/6 levels left

rFire    . . .     SeeInvis +     - Unarmed
rCold    . . .     Gourm    .   (no shield)
rNeg     . . .     Faith    .   b - +0 robe
rPois    +         Spirit   .   (no helmet)
rElec    .         Reflect  .   (no cloak)
rCorr    .         Harm     .   (no gloves)
MR       .....                  (no barding)
Stlth    +.........             (no amulet)
HPRegen  0.10/turn              (no ring)
MPRegen  0.10/turn              (no ring)

@: appendage (expiring), very slow
A: large, horns 2, see invisible, deformed body, poison resistance, slowness 2,
slow metabolism 1, spit poison 1, AC +1
a: Spit Poison, End Transformation


You were on level 2 of the Dungeon.
You were not hungry.
You had grown temporary horns.
You visited 1 branch of the dungeon, and saw 2 of its levels.

You collected 88 gold pieces.

Inventory:

Missiles
 a - 34 arrows
Armour
 b - a +0 robe (worn)
Jewellery
 e - an uncursed ring of protection from cold {unknown}
Scrolls
 f - a scroll of noise {unknown}
 h - 2 scrolls of identify {unknown}
 k - a scroll of remove curse {unknown}
Potions
 g - a potion of agility {unknown}
 i - a potion of might {unknown}
 j - a potion of curing {unknown}
 l - a potion of magic {unknown}
Books
 c - a book of Changes

   Spells                             Type                      Level
   a - Beastly Appendage              Transmutation                1
   b - Sticks to Snakes               Transmutation                2
   c - Spider Form                    Transmutation/Poison         3
   d - Ice Form                       Ice/Transmutation            4
   e - Blade Hands                    Transmutation                5
Comestibles
 d - 5 rations


   Skills:
 + Level 1.4 Fighting
 + Level 1.8 Dodging
 + Level 3.3 Unarmed Combat
 + Level 2.2 Spellcasting
 + Level 2.4 Transmutations


You had 5 spell levels left.
You knew the following spells:

 Your Spells              Type           Power        Failure   Level  Hunger
a - Beastly Appendage     Tmut           #.....       10%         1    ##.....


Dungeon Overview and Level Annotations

Branches:
Dungeon (2/15)

Altars:


Innate Abilities, Weirdness & Mutations

You cannot wear boots.
Your serpentine skin is tough. (AC +1)
You have supernaturally acute eyesight. (SInv)
Armour fits poorly on your strangely shaped body.
Your system is resistant to poisons. (rPois)
You cover ground very slowly.
You have a slow metabolism.
You can spit poison.
You have a pair of horns on your head.


Message History

You are too injured to fight recklessly!
You are too injured to fight recklessly!
You are too injured to fight recklessly!
You are too injured to fight recklessly!
You are too injured to fight recklessly!
You are too injured to fight recklessly!
You are too injured to fight recklessly!
You are too injured to fight recklessly!
You are too injured to fight recklessly!
The leopard gecko bites you.
You closely miss the leopard gecko. Your headbutt misses the leopard gecko.
The leopard gecko bites you.
* * * LOW HITPOINT WARNING * * *
You closely miss the leopard gecko. The leopard gecko barely misses you.
You hit the leopard gecko but do no damage.
The leopard gecko bites you.
* * * LOW HITPOINT WARNING * * *
You barely miss the leopard gecko. Your headbutt misses the leopard gecko.
The leopard gecko bites you.
You die...

#############.#
#.....@l.......
#########.######.###...
#........#..# .#
#.......###.# .#
#.######.#..# .# ###.#
##.#.# .# ..#.#####
###.# .#
...)....#####.# .#
>.#.###.......###


You could see a leopard gecko.

Vanquished Creatures
  An adder (D:2)
  A leopard gecko (D:2)
  2 bats
  2 goblins (D:1)
  2 hobgoblins
  3 kobolds (D:1)
  3 frilled lizards
  2 rats (D:1)
16 creatures vanquished.

Notes
Turn   | Place    | Note
-------+----------+-------------------------------------------
     0 | D:1      | sunny1234 the Naga Transmuter began the quest for the Orb.
     0 | D:1      | Reached XP level 1. HP: 18/18 MP: 3/3
   124 | D:1      | Reached XP level 2. HP: 17/25 MP: 5/5
   629 | D:2      | Reached XP level 3. HP: 3/31 MP: 6/6
   968 | D:2      | Slain by a leopard gecko

Vault maps used:
D:1:      evilmike_arrival_plus
D:2:      lemuel_round_altar, uniq_terence

Action                   || total
-------------------------++-------
Melee: Unarmed           ||    67
       Punch             ||     1
       Headbutt          ||     2
 Cast: Beastly Appendage ||     5
Armor: Robe              ||    19
Dodge: Dodged            ||    52

Table legend:
 A = Spawn XP
 B = Non-spawn XP
 C = Spawn XP percentage of total XP
 D = Spawn monster count
 E = Non-spawn monster count
 F = Spawn count percentage of total count
 G = Total turns spent on level
                    A         B        C        D         E        F      G
               +---------+---------+-------+---------+---------+-------+---------
         Total |       0 |      40 |   0.0 |       0 |      16 |   0.0 |   968
               +---------+---------+-------+---------+---------+-------+---------
           D:1 |       0 |      18 |   0.0 |       0 |      11 |   0.0 |   591
           D:2 |       0 |      22 |   0.0 |       0 |       5 |   0.0 |   377
               +---------+---------+-------+---------+---------+-------+---------
